Map: Récif abyssal EC

Players

Xaoras - Winner!

  • Race: Zerg Zerg
  • League: Master
  • Spawn Location: 5:00

zuka

  • Race: Protoss Protoss
  • League: Master
  • Spawn Location: 11:00

VOD

Have the link to the VOD?

Description

Time

  • Played on: July 31, 2017, 2:40 p.m.
  • Length: 1:55
Show
View Real Time Build Order
Export as new Build Order

Xaoras Zerg - Winner!

Build Orders:  

Get SALT Encoding   

  12  0:00  Drone  
  13  0:08  Drone  
  14  0:20  Extractor x2, Drone  
  13  0:22  Drone  
Show
View Real Time Build Order
Export as new Build Order

zuka Protoss 

Build Orders:  

Get SALT Encoding   

  12  0:01  Probe (Chrono Boost)  
  13  0:11  Probe (Chrono Boost)  
  14  0:17  Pylon  
  14  0:22  Probe (Chrono Boost)  
  16  0:36  Probe (Chrono Boost)  
  16  0:40  Forge  
  15  0:58  Pylon  
  15  1:01  Pylon  
  15  1:09  Pylon  
  15  1:15  Gateway  
  15  1:21  Probe (Chrono Boost)  
  16  1:31  Probe (Chrono Boost)  
  7  1:42  Probe (Chrono Boost)  
Tags
 
Add a new tag
Caveats
  • Supply blocks, unpowered buildings, or Contaminate may cause inaccurate times.
  • Supply counts are checked every 10 seconds.